 Dungeon Crawl Stone Soup version 0.30.0-29-ga12c61a403 (webtiles) character file.

Game seed: 9119127973191437932

14361 Fodor the Severer (level 11, -7/99 HPs)
             Began as a Minotaur Fighter on June 12, 2023.
             Was an Initiate of Gozag.
             Killed from afar by an eleionoma (20 damage)
             ... with a spray of wooden splinters
             ... on level 1 of the Swamp.
             The game lasted 00:53:09 (11503 turns).

Fodor the Severer (Minotaur Fighter)               Turns: 11503, Time: 00:53:10

Health: -7/99      AC: 11    Str: 21    XL:     11   Next: 87%
Magic:  10/10      EV: 14    Int:  5    God:    Gozag
Gold:   1200       SH:  0    Dex: 14    Spells: 10/10 levels left

rFire   . . .        B - +6 battleaxe
rCold   + . .        (shield currently unavailable)
rNeg    . . .        u - +2 ring mail {rC+}
rPois   .            (helmet restricted)
rElec   .            (no cloak)
rCorr   .            K - +1 pair of gloves
SInv    .            (no boots)
Will    +....        w - amulet of the acrobat
Stlth   ++           t - ring of willpower
HPRegen 0.36/turn    C - +4 ring of slaying
MPRegen 0.12/turn

%: acrobat
@: no status effects
A: horns 2, retaliatory headbutt
a: Renounce Religion, Potion Petition, Call Merchant, Bribe Branch


You were on level 1 of the Swamp.
You worshipped Gozag.
Gozag was most pleased with you.
You visited 4 branches of the dungeon, and saw 12 of its levels.

You collected 1529 gold pieces.
You spent 199 gold pieces at shops.
You paid 130 gold pieces to Gozag.

Inventory:

Hand Weapons
 i - a +3 scimitar of flaming
 n - the +1 sling "Toukapa" {antimagic, rPois rC+ rN+}
   (You found it on level 6 of the Dungeon)

   rC:        It protects you from cold.
   rPois:     It protects you from poison.
   rN:        It protects you from negative energy.
 r - a +1 hand axe of electrocution
 A - a +2 demon whip of electrocution
 B - a +6 battleaxe (weapon)
 G - a +0 shortbow
Missiles
 o - 60 stones
 y - 4 poisoned darts
Armour
 c - a +0 buckler
 u - a +2 ring mail of cold resistance (worn)
 K - a +1 pair of gloves (worn)
Jewellery
 t - a ring of willpower (left hand)
 w - an amulet of the acrobat (around neck)
 z - a ring of fire
 C - a +4 ring of slaying (right hand)
Wands
 p - a wand of paralysis (16)
 E - a wand of flame (33) (quivered)
 F - a wand of acid (4)
 J - a wand of roots (4)
Scrolls
 a - 2 scrolls of immolation
 b - a scroll of teleportation
 e - a scroll of butterflies
 f - 3 scrolls of amnesia
 q - 2 scrolls of magic mapping
 s - 2 scrolls of poison
 v - 2 scrolls of fear
 x - 3 scrolls of fog
Potions
 d - a potion of might
 g - 4 potions of brilliance
 h - 2 potions of flight {unknown}
 j - a potion of attraction
 k - 6 potions of haste
 l - 5 potions of degeneration {unknown}
 D - a potion of curing {unknown}
 H - 2 potions of lignification {unknown}
 I - 2 potions of berserk rage {unknown}


   Skills:
 + Level 10.0 Fighting
 + Level 5.3 Long Blades
 + Level 15.3 Axes
 + Level 2.0 Throwing
 + Level 8.9 Armour
 + Level 7.1 Dodging
 + Level 3.4 Stealth
 + Level 6.4 Shields
 + Level 0.1 Evocations


You had 10 spell levels left.
You didn't know any spells.
Your spell library contained the following spells:

 Spells                   Type           Power      Damage    Failure   Level
 Blink                    Tloc           0%         N/A       77%         2
 Ensorcelled Hibernation  Hex/Ice        0%         N/A       77%         2
 Lesser Beckoning         Tloc           0%         N/A       77%         2
 Momentum Strike          Conj/Tloc      0%         3d8       77%         2
 Passwall                 Tmut/Erth      0%         N/A       77%         2
 Inner Flame              Hex/Fire       0%         N/A       94%         3
 Swiftness                Air            0%         N/A       94%         3
 Flame Wave               Conj/Fire      0%         2d4       100%        4
 Sticky Flame             Conj/Fire      0%         2d3       100%        4


Dungeon Overview and Level Annotations

Branches:
Dungeon (8/15)             Temple (1/1) D:7            Lair (2/5) D:8
  Swamp (1/4) Lair:2
  Snake: Lair:2-3    Spider: Lair:2-3

Altars:
Ashenzari
Cheibriados
Dithmenos
Elyvilon
Fedhas
Gozag
Kikubaaqudgha
Makhleb
Okawaru
Qazlal
Ru
Sif Muna
Trog
Uskayaw
Wu Jian
Xom
Yredelemnul
Zin
The Shining One

Shops:
D:3 (:   D:4 *


Innate Abilities, Weirdness & Mutations

You have a pair of horns on your head.
You reflexively headbutt those who attack you in melee.


Message History

The bunyip is heavily wounded.
You closely miss the bunyip.
You headbutt the bunyip, but do no damage.
The bunyip is heavily wounded.
The bunyip claws you!! The bunyip closely misses you. The bunyip claws you!
You slash the bunyip! You headbutt the bunyip.
The bunyip is severely wounded.
You slice the bunyip!!
You kill the bunyip!
Your Fighting skill increases to level 10!
A bloated husk comes into view.
You see here 12 gold pieces.
Found 11 gold pieces and a mace.
You see here 12 gold pieces.
Aiming: Throw Flame
Press: ? - help, Q - select action, (/) - cycle Shift-Dir - straight line, f - bloated husk
Aim: a bloated husk (89% to hit)
The puff of flame hits the bloated husk!
The bloated husk is moderately damaged.
Aiming: Throw Flame
Press: ? - help, Q - select action, (/) - cycle Shift-Dir - straight line, f/p - bloated husk
Aim: a bloated husk (moderately damaged, 89% to hit)
The puff of flame hits the bloated husk.
The bloated husk is moderately damaged.
The bloated husk explodes!
The blast of putrescent gases engulfs you!!!
* * * LOW HITPOINT WARNING * * *
You now have 1188 gold pieces (gained 4).
You now have 1200 gold pieces (gained 12).
An eleionoma comes into view.
You enter the shallow water.
Moving in this stuff is going to be slow.
An eleionoma is nearby!
A spriggan druid comes into view. It is wielding a +0 quarterstaff.
There is a staircase back to the Lair, spattered with blood here.
You can't go down here!
The eleionoma hurls a spray of splinters at you.
The spray of wooden splinters hits you!!
You die...
Your body crumbles into a pile of gold.

~.~ ~~§~~~~.♣
~.~ ~.~~~~.♣
~.~~ .~~§~.
♣..~. .~.~♣♣
♣..i♣♣♣....♣
♣.~..~R..§♣♣
.~♣~~~~♣♣.~~.♣
.~.~.~....~~.♣
.~~.♣♣~§~@..♣♣
. ♣.~~.~♣♣♣
~......♣♣
~~.♣~♣♣♣.
.~~.♣♣ ~~ ...
.. ~. ~~♣


You could see an eleionoma and a spriggan druid.

Vanquished Creatures
  A bunyip (Swamp:1)
  A boulder beetle (Lair:2)
  Erica (D:8)
  2 wolf spiders (Lair:2)
  The ghost of mkat the Sneak, a novice OpFi of Nemelex Xobeh (D:5)
  2 cane toads
  Psyche (D:8)
  A rime drake (D:8)
  Prince Ribbit (D:6)
  Sigmund (D:6)
  26 yaks
  A basilisk (Lair:1)
  2 steam dragons
  3 water moccasins
  4 black bears
  A sky beast (D:8)
  6 ice beasts
  2 orc warriors
  An ogre (D:7)
  22 wolves
  A centaur (D:7)
  A phantom (D:6)
  A kobold brigand (D:8)
  A gnoll sergeant (D:7)
  4 bullfrogs
  A scorpion (D:5)
  6 wights
  3 jellies
  11 killer bees (D:7)
  6 hounds
  3 orc priests
  An iguana (D:6)
  A sleepcap (D:4)
  8 orc wizards
  2 bullfrog simulacra (D:5)
  2 centaur simulacra (D:5)
  A killer bee simulacrum (D:5)
  7 gnolls
  7 adders
  2 shadow imps (D:5)
  A howler monkey simulacrum (D:5)
  2 white imps
  2 ufetubi (D:5)
  18 orcs
  6 ball pythons
  4 endoplasms
  3 giant cockroaches
  8 goblins
  3 hobgoblins
  3 jackals (D:4)
  A quokka (D:5)
  5 bats
  A frilled lizard (D:3)
  7 kobolds
  4 rats
217 creatures vanquished.

Vanquished Creatures (others)
  A bloated husk (Swamp:1)
1 creature vanquished.

Grand Total: 218 creatures vanquished

Notes
Turn   | Place    | Note
-------+----------+-------------------------------------------
     0 | D:1      | Fodor the Minotaur Fighter began the quest for the Orb.
     0 | D:1      | Reached XP level 1. HP: 19/19 MP: 0/0
   550 | D:1      | Reached XP level 2. HP: 26/27 MP: 1/1
   749 | D:2      | Found a shimmering blue altar of Sif Muna.
  1129 | D:2      | Found a faded altar of an unknown god.
  1322 | D:2      | Reached XP level 3. HP: 33/33 MP: 2/2
  1512 | D:3      | Reached skill level 1 in Dodging
  1621 | D:3      | Found a glowing golden altar of the Shining One.
  1700 | D:3      | Reached XP level 4. HP: 40/40 MP: 3/3
  1749 | D:3      | Found a shadowy altar of Dithmenos.
  1951 | D:3      | Found Apelo's Antique Weapon Emporium.
  2081 | D:3      | Found Deonil's Book Boutique.
  2256 | D:4      | Noticed a black bear
  2272 | D:4      | Killed a black bear
  2273 | D:4      | Reached skill level 5 in Armour
  2273 | D:4      | Reached XP level 5. HP: 40/47 MP: 4/4
  2442 | D:4      | Found Menemou's Assorted Antiques.
  2456 | D:4      | Bought a scroll of identify for 38 gold pieces
  2456 | D:4      | Bought a flail for 66 gold pieces
  2542 | D:4      | Reached XP level 6. HP: 17/53 MP: 5/5
  2840 | D:4      | Found an iron altar of Okawaru.
  3216 | D:4      | Reached skill level 5 in Long Blades
  3718 | D:5      | Entered Level 5 of the Dungeon
  3843 | D:5      | Reached skill level 5 in Fighting
  3843 | D:5      | Reached skill level 1 in Axes
  3843 | D:5      | Reached skill level 5 in Shields
  3843 | D:5      | Reached XP level 7. HP: 55/61 MP: 6/6
  4291 | D:5      | Reached skill level 1 in Stealth
  4307 | D:5      | Reached skill level 2 in Axes
  4522 | D:5      | Found a runed translucent gate.
  4523 | D:5      | Found a runed translucent gate.
  4524 | D:5      | Found a runed translucent gate.
  4664 | D:5      | Noticed mkat's ghost (novice OpFi)
  5057 | D:5      | Reached skill level 3 in Axes
  5057 | D:5      | Reached skill level 1 in Throwing
  5068 | D:5      | Killed mkat's ghost
  5069 | D:5      | Reached skill level 4 in Axes
  5069 | D:5      | Reached XP level 8. HP: 53/70 MP: 7/7
  5092 | D:5      | Reached skill level 5 in Axes
  5305 | D:6      | Noticed Sigmund
  5332 | D:6      | Noticed Prince Ribbit
  5347 | D:6      | Killed Sigmund
  5348 | D:6      | Reached skill level 6 in Axes
  5379 | D:6      | Killed Prince Ribbit
  5380 | D:6      | Reached XP level 9. HP: 52/77 MP: 8/8
  5648 | D:6      | Reached skill level 7 in Axes
  5729 | D:6      | Identified the +1 sling "Toukapa" {antimagic, rPois rC+
                  | rN+}
  5811 | D:6      | Reached skill level 5 in Dodging
  6073 | D:6      | Found a glowing silver altar of Zin.
  6306 | D:7      | Reached skill level 8 in Axes
  6411 | D:7      | Identified the +2 helmet of Vehumet's Supremacy {+Blink
                  | +Inv rN+ SInv}
  6999 | D:7      | Reached skill level 9 in Axes
  7115 | D:7      | Found a staircase to the Ecumenical Temple.
  7127 | Temple   | Entered the Ecumenical Temple
  7190 | Temple   | Became a worshipper of Gozag Ym Sagoz the Greedy
  7474 | D:8      | Noticed Psyche
  7484 | D:8      | Killed Psyche
  7485 | D:8      | Reached XP level 10. HP: 41/86 MP: 9/9
  7558 | D:8      | Reached skill level 10 in Axes
  7784 | D:8      | Noticed Erica
  7809 | D:8      | Killed Erica
  7810 | D:8      | Reached skill level 11 in Axes
  8067 | D:8      | Found a staircase to the Lair.
  9159 | D:4      | Bought a potion of heal wounds for 95 gold pieces
  9319 | Lair:1   | Entered Level 1 of the Lair of Beasts
  9509 | Lair:1   | Noticed a cane toad
  9515 | Lair:1   | Killed a cane toad
  9605 | Lair:1   | Reached skill level 12 in Axes
  9783 | Lair:1   | Identified the staff of cold "Hiofif" {rC+ Int+6}
 10059 | Lair:2   | Reached XP level 11. HP: 85/95 MP: 10/10
 10101 | Lair:2   | Noticed a wolf spider
 10109 | Lair:2   | Noticed a wolf spider
 10111 | Lair:2   | Killed a wolf spider
 10114 | Lair:2   | Killed a wolf spider
 10115 | Lair:2   | Reached skill level 13 in Axes
 10399 | Lair:2   | Noticed a boulder beetle
 10450 | Lair:2   | Killed a boulder beetle
 10481 | Lair:2   | Reached skill level 14 in Axes
 11074 | Lair:2   | Identified the +2 leather armour of Lies {-Cast Rampage
                  | rN+++ Str-3}
 11155 | Lair:2   | Reached skill level 15 in Axes
 11251 | Lair:2   | Found a staircase to the Swamp.
 11480 | Swamp:1  | Entered Level 1 of the Swamp
 11480 | Swamp:1  | Noticed a bunyip
 11489 | Swamp:1  | Killed a bunyip
 11490 | Swamp:1  | Reached skill level 10 in Fighting
 11500 | Swamp:1  | Noticed an eleionoma
 11502 | Swamp:1  | Noticed a spriggan druid
 11503 | Swamp:1  | Killed from afar by an eleionoma

Illustrated notes

Levels and vault maps discovered:
D:1:      shiori_arrival_oz, layout_rooms
D:2:      layout_loops_ring, basic_altar,
          hellmonk_ecumenical_altar_heavens_door, minmay_shallow_snake_nest
D:3:      layout_loops_ring, lemuel_round_altar, mainiacjoe_overflow_swirl,
          serial_shops, nicolae_square_shop, nicolae_shop_back_alley_shop
D:4:      layout_gridville, okawaru_ov_weapons_minmay, serial_shops, shop
D:5:      layout_basic, gammafunk_ghost_icy, minmay_circle_x
D:6:      layout_loops_ring, amcnicky_altar_gilded, nrook_campfire,
          uniq_prince_ribbit1, uniq_sigmund
D:7:      layout_loops_corners, minmay_temple_entry_sparse_star
D:8:      layout_loops_ring, hellmonk_lair_entry_icy, uniq_erica, uniq_psyche
Temple:   nicolae_temple_superstar
Lair:1:   layout_loops_ring, grunt_megastairs_3
Lair:2:   layout_regular_city, swamp_mist_pool, nicolae_lair_run_with_the_wolves
Swamp:1:  layout_basic_swamp, evilmike_swamp_ruin_house_2

Skill      XL: |  1  2  3  4  5  6  7  8  9 10 11 |
---------------+----------------------------------+-----
Shields        | 4 5 6 |  6.4
Armour         | 4 5 6 7 8 |  8.9
Fighting       | 4 5 6 7 8 10 | 10.0
Long Blades    | 3 4 5 |  5.3
Dodging        | 1 2 4 5 6 7 |  7.1
Axes           | 1 4 6 9 12 15 | 15.3
Stealth        | 1 3 |  3.4
Throwing       | 1 2 |  2.0
Evocations     | |  0.1

Action                     |  1- 3 |  4- 6 |  7- 9 | 10-12 || total
---------------------------+-------+-------+-------+-------++-------
  Melee: Long sword        |    81 |    51 |       |       ||   132
         Headbutt          |    11 |     9 |    34 |    39 ||    93
         Hand axe          |       |    19 |   130 |       ||   149
         Battleaxe         |       |       |    65 |   185 ||   250
  Throw: Boomerang         |       |     2 |     4 |       ||     6
         Dart              |       |       |       |     4 ||     4
         Stone             |       |       |       |     2 ||     2
  Evoke: Wand              |       |       |       |     5 ||     5
    Use: Scroll            |     4 |     1 |     6 |     2 ||    13
         Potion            |       |     2 |       |     2 ||     4
   Stab: Distracted        |       |       |       |     2 ||     2
 Armour: Scale mail        |    52 |    70 |       |       ||   122
         Ring mail         |       |     7 |    92 |    66 ||   165
  Dodge: Dodged            |    42 |    56 |   162 |   134 ||   394
  Block: Buckler           |    14 |    41 |    43 |       ||    98
